 Dungeon Crawl Stone Soup version 0.18.1-50-g88ac8fd (webtiles) character file.

73 magog001 the Covered (level 4, 0/39 (40) HPs)
             Began as a Minotaur Fighter on Jan 24, 2017.
             Was a Follower of Nemelex Xobeh.
             Succumbed to poison (dark miasma)
             ... on level 2 of the Dungeon.
             The game lasted 00:07:58 (1246 turns).

magog001 the Covered (Minotaur Fighter)             Turns: 1246, Time: 00:07:59

HP:   0/39 (40)     AC: 15    Str: 21    XL:     4   Next: 8%
MP:   3/3           EV:  5    Int:  5    God:    Nemelex Xobeh [*.....]
Gold: 48            SH:  9    Dex: 10    Spells: 0 memorised, 3 levels left

rFire  . . .     SeeInvis .     a - +0 war axe
rCold  . . .     Gourm    .     p - +0 shadow dragon armour
rNeg   . . .     Faith    .     c - +0 shield
rPois  .         Spirit   .     (helmet restricted)
rElec  .         Dismiss  .     q - +0 cloak
rCorr  .         Reflect  .     e - +1 pair of gloves
SustAt .         Harm     .     (no boots)
MR     +....                    (no amulet)
Stlth  ++........               (no ring)
                                h - ring of protection from magic

@: lethally poisoned (0 -> -5), very slightly contaminated, non-regenerating,
diseased, hasted (expiring), very quick, somewhat resistant to hostile
enchantments, unstealthy
A: retaliatory headbutt, horns 2
a: Renounce Religion


You were on level 2 of the Dungeon.
You worshipped Nemelex Xobeh.
Nemelex Xobeh was aware of your devotion.
You were not hungry.

You visited 1 branch of the dungeon, and saw 2 of its levels.

You collected 48 gold pieces.

Inventory:

Hand Weapons
 a - a +0 war axe (weapon)
Armour
 c - a +0 shield (worn)
 e - a +1 pair of gloves (worn)
 p - a +0 shadow dragon armour (worn)
 q - a +0 cloak (worn)
Jewellery
 h - a ring of protection from magic (left hand)
Scrolls
 j - 2 scrolls of identify
 k - a scroll of noise {unknown}
 l - 2 scrolls of remove curse
Potions
 d - a potion of might
 o - 2 potions of flight
Miscellaneous
 n - a plain deck of destruction
Comestibles
 f - 2 bread rations
 g - 3 chunks of flesh
 m - 2 meat rations


   Skills:
 + Level 4.1 Fighting
 + Level 3.4 Axes
 + Level 4.3 Armour
 + Level 0.7 Dodging
 + Level 4.2 Shields


You had 3 spell levels left.
You didn't know any spells.

Dungeon Overview and Level Annotations

Branches:
Dungeon (2/15)

Altars:
Nemelex Xobeh
Pakellas
Yredelemnul
The Shining One


Innate Abilities, Weirdness & Mutations

You reflexively headbutt those who attack you in melee.
You have a pair of horns on your head.


Message History

There is an open door here.
* * * LOW HITPOINT WARNING * * *
You feel sick.
* * * LOW HITPOINT WARNING * * *
You feel sick.
* * * LOW HITPOINT WARNING * * *
You feel sick.
* * * LOW HITPOINT WARNING * * *
You feel sick.
* * * LOW HITPOINT WARNING * * *
You feel sick.
* * * LOW HITPOINT WARNING * * *
You feel sick.
* * * LOW HITPOINT WARNING * * *
You feel sick.
* * * LOW HITPOINT WARNING * * *
You feel sick.
Your extra speed is starting to run out.
You die...
Your body disappears without a glow.

#.###'######.###
###.##.# #.
#...# ##...##
#......# #.
#§.§#
#.....###.###..#
#. #...#
#.....)...# #..#
#. #§.§#
#.....###.###..#
### #. #._.#
##...##
#......###..
#§.§# #..##
######......
##### #..#
#####.# ##A##
#.@# #.# #####
##..##########
#..
#..........<.#
###
#...########.#
........ #.#
###...... #.#
#.....## #.#
#...### #.# ....
##.##


There were no monsters in sight!

Vanquished Creatures
  2 adders (D:2)
  An ooze (D:1)
  2 dart slugs (D:1)
  2 giant geckos
  2 giant cockroaches
  3 goblins
  5 hobgoblins
  10 jackals
  A quokka (D:2)
  3 bats
  A giant newt (D:2)
  4 kobolds
  4 rats (D:1)
40 creatures vanquished.

Vanquished Creatures (others)
  A wyvern (D:2)
1 creature vanquished.

Grand Total: 41 creatures vanquished

Notes
Turn   | Place    | Note
--------------------------------------------------------------
     0 | D:1      | magog001 the Minotaur Fighter began the quest for the Orb.
     0 | D:1      | Reached XP level 1. HP: 19/19 MP: 0/0
    31 | D:1      | Found a sparkling altar of Nemelex Xobeh.
    89 | D:1      | Reached XP level 2. HP: 27/27 MP: 1/1
   254 | D:1      | Reached XP level 3. HP: 32/33 MP: 2/2
   352 | D:1      | Became a worshipper of Nemelex Xobeh the Trickster
   388 | D:1      | Received a gift from Nemelex Xobeh
   859 | D:2      | Found an oddly glowing altar of Pakellas.
   860 | D:2      | Noticed an orange crystal statue
   862 | D:2      | Noticed a wyvern
   889 | D:2      | Killed a wyvern
  1003 | D:2      | Reached XP level 4. HP: 40/40 MP: 3/3
  1009 | D:2      | Reached * piety under Nemelex Xobeh
  1201 | D:2      | Found a basalt altar of Yredelemnul.
  1203 | D:2      | Noticed a profane servitor
  1222 | D:2      | Found a glowing golden altar of the Shining One.
  1242 | D:2      | HP: 1/39 [poison (dark miasma)]
  1246 | D:2      | Succumbed to poison (dark miasma)

Skill      XL: |  1  2  3 |
---------------+----------+-----
Fighting       | 4 |  4.1
Armour         | 4 |  4.3
Shields        | 4 |  4.2
Axes           | 3 |  3.4
Dodging        | |  0.7

Action                   |  1- 3 |  4- 6 || total
-------------------------+-------+-------++-------
Melee: War axe           |    74 |     8 ||    82
       Headbutt          |    10 |     2 ||    12
  Use: Scroll            |     3 |       ||     3
       Potion            |       |     3 ||     3
  Eat: Chunk             |       |     1 ||     1
Armor: Scale mail        |    20 |       ||    20
       Shadow dragon arm |    15 |     2 ||    17
Dodge: Dodged            |    22 |     2 ||    24
Block: Shield            |    50 |     4 ||    54
